 Dungeon Crawl Stone Soup version 0.17-a0-1941-gcc30b76 (webtiles) character file.

81 Rationalist the Skirmisher (level 4, 0/52 HPs)
             Began as a Demonspawn Berserker on Sept 30, 2015.
             Was a Believer of Trog.
             Slain by an orc priest
             ... wielding a +1 flail of crushing
              (6 damage)
             ... on level 3 of the Dungeon.
             The game lasted 00:02:48 (1961 turns).

Rationalist the Skirmisher (Demonspawn Berserker)   Turns: 1961, Time: 00:02:48

Health: 0/52       AC:  4    Str: 22    XL:     4   Next: 19%
Magic:  4/4        EV: 13    Int:  9    God:    Trog [**....]
Gold:   88         SH:  0    Dex: 13    Spells: 0 memorised, 3 levels left

rFire  . . .     SeeInvis .     a - +0 hand axe
rCold  . . .     Clarity  .     b - +0 animal skin
rNeg   . . .     SustAt   .     (no shield)
rPois  .         Gourm    .     (no helmet)
rElec  .         Spirit   .     (no cloak)
rCorr  .         Warding  .     (no gloves)
rMut   .         Stasis   .     (no boots)
MR     .....                    (no amulet)
Stlth  ..........               (no ring)
                                k - ring of loudness (curse)

@: berserking, very quick, not resistant to hostile enchantments, extremely
unstealthy
A: hooves 1, slimy green scales 1
a: Burn Spellbooks, Berserk, Trog's Hand, Renounce Religion


You were on level 3 of the Dungeon.
You worshipped Trog.
Trog was pleased with you.
You were hungry.

You visited 1 branch of the dungeon, and saw 3 of its levels.

You collected 88 gold pieces.

Inventory:

Hand weapons
 a - a +0 hand axe (weapon)
Missiles
 n - 5 tomahawks (quivered)
Armour
 b - a +0 animal skin (worn)
Jewellery
 k - a cursed ring of loudness (left hand)
Magical devices
 l - a wand of frost (24)
Scrolls
 d - 2 scrolls of teleportation {unknown}
 e - 2 scrolls of amnesia {unknown}
 f - 2 scrolls of noise {unknown}
 h - a scroll of immolation {unknown}
Potions
 g - 3 potions of curing {unknown}
 m - a potion of beneficial mutation {unknown}
Comestibles
 c - 3 bread rations
 i - 2 meat rations
 j - a beef jerky


   Skills:
 + Level 3.5 Fighting
 + Level 3.2 Axes
 + Level 1.8 Armour
 + Level 3.1 Dodging


You had 3 spell levels left.
You didn't know any spells.

Dungeon Overview and Level Annotations

Branches:
Dungeon (3/15)

Altars:
Ashenzari
Makhleb


Innate Abilities, Weirdness & Mutations

You have large cloven feet.
You are partially covered in slimy green scales (AC +2).


Message History

You slash the orc!
You kill the orc!
Trog accepts your kill.
You barely miss the orc priest. The orc priest closely misses you.
Unknown command.
You barely miss the orc priest. The orc priest barely misses you.
You barely miss the orc priest.
The orc priest hits you with a flail of crushing.
* * * LOW HITPOINT WARNING * * *
You barely miss the orc priest.
You kick the orc priest, but do no damage.
The orc priest hits you with a flail of crushing.
* * * LOW HITPOINT WARNING * * *
x2 Unknown command.
Use which ability?
A red film seems to cover your vision as you go berserk!
You feel yourself moving faster!
You feel mighty!
You feel somewhat more hungry.
The orc priest hits you with a flail of crushing.
You die...

#..############
#!.ooo@.......#
....o#########.#
##. #.# #.#
#.#### #...<#
######


You could see an orc priest and 3 orcs.

Vanquished Creatures
  2 adders (D:2)
  3 oozes (D:2)
  A worm (D:2)
  2 giant geckos
  An orc (D:3)
  2 giant cockroaches
  6 hobgoblins
  2 quokkas (D:2)
  8 bats
  2 giant newts
  5 goblins
  4 kobolds
  7 rats
45 creatures vanquished.

Notes
Turn   | Place    | Note
--------------------------------------------------------------
     0 | D:1      | Rationalist the Demonspawn Berserker began the quest for the Orb.
     0 | D:1      | Reached XP level 1. HP: 18/18 MP: 1/1
   557 | D:1      | Gained mutation: You are partially covered in slimy green scales (AC +2). [demonic ancestry]
   557 | D:1      | Reached XP level 2. HP: 10/24 MP: 2/2
   563 | D:1      | HP: 1/24 [goblin/club (1)]
  1032 | D:1      | Acquired Trog's second power
  1285 | D:2      | Found a burning altar of Makhleb.
  1355 | D:2      | Reached XP level 3. HP: 21/29 MP: 3/3
  1466 | D:2      | Found a shattered altar of Ashenzari.
  1692 | D:2      | Gained mutation: You have large cloven feet. [demonic ancestry]
  1692 | D:2      | Reached XP level 4. HP: 26/35 MP: 4/4
  1961 | D:3      | Slain by an orc priest

Vault maps used:
D:1:      minmay_arrival_five_plusses
D:2:      nicolae_overflow_hidden_temple, ashenzari_conservatory_becter
D:3:      xom_redecorated, old_standard_altar, grunt_temple_overflow_open,
          first_bread, uniq_crazy_yiuf_cottage, uniq_robin, uniq_iyjb

Action                   |  1- 3 |  4- 6 || total
-------------------------+-------+-------++-------
Melee: Hand axe          |   137 |    37 ||   174
Invok: Berserk           |       |     1 ||     1
 Stab: Sleeping          |     1 |       ||     1
  Eat: Chunk             |     3 |       ||     3
